 Dungeon Crawl Stone Soup version 0.31-a0-875-g02e7d12df6 (webtiles) character file.

Game seed: 16611953808842406428

671 Gergoth the Magician (level 7, -4/52 HPs)
             Began as a Mummy Conjurer on Oct 12, 2023.
             Was an Initiate of Vehumet.
             Slain by a scorpion (7 damage)
             ... on level 5 of the Dungeon.
             The game lasted 00:12:10 (4621 turns).

Gergoth the Magician (Mummy Conjurer)               Turns: 4621, Time: 00:12:10

Health: -4/52      AC:  2    Str: 11    XL:     7   Next: 32%
Magic:  5/13       EV: 12    Int: 25    God:    Vehumet [......]
Gold:   210        SH:  0    Dex: 10    Spells: 10/15 levels left

rFire   x . .        h - +0 long sword
rCold   + . .        (no shield)
rNeg    + + +        a - +0 robe
rPois   ∞            (no helmet)
rElec   .            b - scarf {+Inv}
rCorr   .            (no gloves)
SInv    .            (no boots)
Will    .....        (no amulet)
Stlth   ++           j - +6 ring of intelligence
HPRegen 0.28/turn    r - ring of flight
MPRegen 0.13/turn

%: faith
@: flying
A: cold resistance 1, negative energy resistance 3, torment resistance 2, heat
vulnerability 1, in touch with death 1, no potions, faith
a: Renounce Religion, Evoke Invisibility


You were on level 5 of the Dungeon.
You worshipped Vehumet.
Vehumet was noncommittal.
You visited 2 branches of the dungeon, and saw 6 of its levels.

You collected 210 gold pieces.

Inventory:

Hand Weapons
 h - a +0 long sword (weapon)
Armour
 a - a +0 robe (worn)
 b - a scarf of invisibility (worn)
 f - a +0 leather armour
Jewellery
 j - a +6 ring of intelligence (left hand)
 r - a ring of flight (right hand)
 C - a +6 ring of dexterity
Scrolls
 c - a scroll of enchant armour {unknown}
 d - a scroll of immolation {unknown}
 e - a scroll of identify {unknown}
 k - a scroll of brand weapon {unknown}
 n - a scroll of torment {unknown}
 p - a scroll of revelation {unknown}
 q - 2 scrolls of teleportation
 B - a scroll of enchant weapon {unknown}


   Skills:
 + Level 3.1 Fighting
 + Level 2.4 Armour
 + Level 3.0 Dodging
 - Level 3.1 Stealth
 + Level 4.6 Spellcasting
 + Level 4.2 Conjurations
 + Level 0.4 Translocations


You had 10 spell levels left.
You knew the following spells:

 Your Spells              Type           Power      Damage    Failure   Level
a - Magic Dart            Conj           100%       1d8       1%          1
b - Searing Ray           Conj           54%        2d6       2%          2
c - Blink                 Tloc           14%        N/A       11%         2

Your spell library contained the following spells:

 Spells                   Type           Power      Damage    Failure   Level
 Momentum Strike          Conj/Tloc      34%        3d8       4%          2
 Lesser Beckoning         Tloc           14%        N/A       11%         2
 Dazzling Flash           Conj/Hex       32%        N/A       11%         3
 Ensorcelled Hibernation  Hex/Ice        10%        N/A       13%         2
 Jinxbite                 Hex            10%        N/A       13%         2
 Gell's Gravitas          Tloc           7%         N/A       22%         3
 Teleport Other           Tloc           7%         N/A       22%         3
 Iskenderun's Mystic Bla  Conj/Tloc      17%        2d5       32%         4
 Fulminant Prism          Conj/Hex       8%         3d7       34%         4
 Anguish                  Hex/Necr       4%         N/A       65%         4


Dungeon Overview and Level Annotations

Branches:
Dungeon (5/15)             Temple (1/1) D:5

Altars:
Ashenzari
Dithmenos
Fedhas
Gozag
Hepliaklqana
Kikubaaqudgha
Makhleb
Nemelex Xobeh
Okawaru
Sif Muna
Trog
Uskayaw
Vehumet
Wu Jian
Yredelemnul

Shops:
D:4 =


Innate Abilities, Weirdness & Mutations

You are immune to poison.
Your flesh is cold resistant. (rC+)
You are immune to negative energy. (rN+++)
You are immune to unholy pain and torment.
You are vulnerable to heat. (rF-)
You are in touch with the powers of death.
You do not drink.
You have a special connection with the divine. (Faith)


Message History

The ogre is severely wounded.
The searing ray hits the scorpion.
The scorpion is lightly wounded.
The iguana bites you!
The searing ray hits the iguana.
You kill the iguana!
Vehumet accepts your kill.
The searing ray hits the ogre!
The ogre is almost dead.
The searing ray hits the scorpion!
The scorpion is heavily wounded.
You finish channelling your searing ray.
Your Fighting skill increases to level 3!
The ogre hits you with a +0 giant spiked club!!!
Ouch! That really hurt!
* * * LOW HITPOINT WARNING * * *
Casting: Searing Ray (safe; 2% risk of failure)
Confirm with . or Enter, or press ? or * to list all spells.
Aiming: Magic Dart (safe; 1% risk of failure)
Press: ? - help, Shift-Dir - straight line The magic dart hits the ogre!
You kill the ogre!
Vehumet accepts your kill. The scorpion barely misses you.
Your Dodging skill increases to level 3!
Casting: Magic Dart (safe; 1% risk of failure)
Confirm with . or Enter, or press ? or * to list all spells.
Aiming: Magic Dart (safe; 1% risk of failure)
Press: ? - help, Shift-Dir - straight line The magic dart hits the scorpion.
The scorpion is severely wounded.
The scorpion barely misses you.
Casting: Magic Dart (safe; 1% risk of failure)
Confirm with . or Enter, or press ? or * to list all spells.
Aiming: Magic Dart (safe; 1% risk of failure)
Press: ? - help, Shift-Dir - straight line The magic dart hits the scorpion.
The scorpion is almost dead.
The scorpion stings you!
You die...

...........(.....#
#####.##.##.#.##.#
#....##.#.##.#
#!......#.##.#
#.#.#####.##.#
#.#.# #.##.# #.#.#
#.##.# #.. .
..##.# #.. # #@#
#s# #.# #.# #.#
#.# ♣.♣ ♣.♣
#.sl.......#


You could see a scorpion.

Vanquished Creatures
  A black bear (D:4)
  An ogre (D:5)
  The ghost of Cris the Ducker, an amateur DsGl of Gozag (D:3)
  A phantom (D:4)
  A scorpion (D:5)
  A gnoll bouda (D:4)
  An orc priest (D:3)
  2 iguanas
  Natasha (D:4)
  3 gnolls (D:4)
  4 adders
  A dart slug (D:2)
  11 orcs
  6 endoplasms
  2 giant cockroaches (D:3)
  10 goblins
  5 hobgoblins
  3 kobolds
  3 quokkas
  8 ball pythons
  4 bats (D:1)
  A frilled lizard (D:1)
  5 rats
76 creatures vanquished.

Notes
Turn   | Place    | Note
-------+----------+-------------------------------------------
     0 | D:1      | Gergoth the Mummy Conjurer began the quest for the Orb.
     0 | D:1      | Reached XP level 1. HP: 13/13 MP: 4/4
   354 | D:1      | Reached XP level 2. HP: 20/20 MP: 1/5
   904 | D:1      | Found a faded altar of an unknown god.
  1139 | D:1      | Reached skill level 1 in Fighting
  1222 | D:2      | Reached XP level 3. HP: 26/26 MP: 3/7
  1536 | D:2      | Learned a level 2 spell: Searing Ray
  1539 | D:2      | Learned a level 2 spell: Blink
  1669 | D:2      | Reached skill level 1 in Armour
  1851 | D:2      | Reached XP level 4. HP: 32/32 MP: 4/8
  2937 | D:4      | Found Udghorona's Jewellery Shop.
  2952 | D:4      | Reached XP level 5. HP: 38/38 MP: 1/10
  3187 | D:4      | Noticed a black bear
  3295 | D:4      | Found a large runed translucent door.
  3300 | D:4      | Found a large runed translucent door.
  3304 | D:4      | Noticed Cris's ghost (amateur DsGl)
  3471 | D:3      | Killed Cris's ghost
  3472 | D:3      | Reached XP level 6. HP: 37/44 MP: 1/11
  3681 | D:4      | Noticed Natasha
  3691 | D:4      | Killed Natasha
  3723 | D:4      | Found an ancient bone altar of Kikubaaqudgha.
  4360 | D:5      | Entered Level 5 of the Dungeon
  4374 | D:5      | Reached XP level 7. HP: 32/51 MP: 4/13
  4497 | D:5      | Found a staircase to the Ecumenical Temple.
  4522 | Temple   | Entered the Ecumenical Temple
  4551 | Temple   | Became a worshipper of Vehumet
  4618 | D:5      | HP: 2/52 [ogre/+0 giant spiked club (36)]
  4621 | D:5      | Slain by a scorpion

Illustrated notes

Levels and vault maps discovered:
D:1:      eino_arrival_cavern_e, layout_loops_ring,
          hellmonk_ecumenical_altar_heavens_door, serial_forest,
          infiniplex_forest_straight_4, infiniplex_forest_straight_4,
          infiniplex_forest_clump_small, infiniplex_forest_clump_tiny,
          infiniplex_forest_clump_small, infiniplex_forest_straight_1,
          infiniplex_forest_lined_room_2, minmay_pentomino_v2
D:2:      layout_loops_ring
D:3:      layout_rooms
D:4:      layout_basic, kiku_gazebo_pond_becter, serial_shops, shop,
          ebering_ghost_disaster_area, kennysheep_boxes, uniq_natasha
D:5:      old_forge, layout_loops_ring, gammafunk_temple_overflow_claw,
          minmay_temple_entry_overgrown, nicolae_concentric_dashed_squares_wild,
          minmay_tree_intersection, nicolae_twisty_statue_hallways
Temple:   bh_familiar_temple

Skill      XL: |  1  2  3  4  5  6  7 |
---------------+----------------------+-----
Spellcasting   | 3 4 |  4.6
Fighting       | 1 2 3 |  3.1
Stealth        | 2 3 |  3.1
Armour         | 1 2 |  2.4
Dodging        | 2 3 |  3.0
Conjurations   | 4 |  4.2
Translocations | |  0.4

Action                     |  1- 3 |  4- 6 |  7- 9 || total
---------------------------+-------+-------+-------++-------
  Melee: Unarmed           |     3 |       |       ||     3
         Long sword        |     9 |    25 |    12 ||    46
   Cast: Magic Dart        |    76 |    83 |     8 ||   167
         Searing Ray       |       |     9 |     1 ||    10
    Use: Scroll            |       |     1 |       ||     1
 Armour: Robe              |    13 |    47 |     3 ||    63
  Dodge: Dodged            |    23 |    37 |     2 ||    62

Table legend: (Time is in decaauts)
 A = Elapsed time spent in this place.
 B = Non-inter-level travel time spent in this place.
 C = Inter-level travel time spent in this place.
 D = Time resting spent in this place.
 E = Time spent auto-exploring this place.
 F = Levels seen in this place.
 G = Mean time per level.
                   A        B        C        D        E       F      G
               +--------+--------+--------+--------+--------+-----+--------+
         Total |   4638 |   4532 |    106 |    675 |   2933 |   6 |  773.0 |
       Dungeon |   4586 |   4502 |     84 |    675 |   2933 |   5 |  917.2 |
        Temple |     51 |     29 |     22 |      0 |      0 |   1 |   51.0 |
               +--------+--------+--------+--------+--------+-----+--------+

Top non-repeatable levels by time:
     D:4: 1382 daAuts
     D:1: 1205 daAuts
     D:2: 984 daAuts
     D:3: 799 daAuts
     D:5: 214 daAuts
  Temple: 51 daAuts
